 Dungeon Sprint DCSS version 0.25.1-2-g60ff931df9 (webtiles) character file.

Game seed: 17836953608449951597

422 raphialitos the Blocker (level 7, -2/63 HPs)
             Began as a Formicid Fighter on Oct 16, 2020.
             Was an Initiate of Okawaru.
             Slain by a deep troll (23 damage)
             ... in the Dungeon (Sprint I: "Red Sonja").
             The game lasted 00:02:18 (601 turns).

raphialitos the Blocker (Formicid Fighter)           Turns: 601, Time: 00:02:19

Health: -2/63      AC:  8    Str: 23    XL:     7   Next: 17%
Magic:  7/7        EV: 10    Int:  7    God:    Okawaru [......]
Gold:   306        SH: 11    Dex: 10    Spells: 6/6 levels left

rFire    . . .     SeeInvis +   a - +1 quarterstaff
rCold    . . .     Gourm    .   c - +0 kite shield
rNeg     . . .     Faith    .   b - +0 scale mail
rPois    .         Spirit   .   (helmet unavailable)
rElec    .         Reflect  .   (no cloak)
rCorr    .         Harm     .   (no gloves)
MR       .....                  (no boots)
Stlth    ..........             (no amulet)
HPRegen  0.20/turn              (no ring)
MPRegen  0.10/turn              (no ring)

@: no status effects
A: permanent stasis, dig shafts and tunnels, four strong arms, antennae 3
a: Dig, Renounce Religion


You were in the Dungeon.
You worshipped Okawaru.
Okawaru was noncommittal.
You were not hungry.

You visited 1 branch You collected 306 gold pieces.

Inventory:

Hand Weapons
 a - a +1 quarterstaff (weapon)
Armour
 b - a +0 scale mail (worn)
 c - a +0 kite shield (worn)
Scrolls
 d - a scroll of identify {unknown}
Potions
 e - a potion of curing
 i - 2 potions of magic
Comestibles
 f - 3 rations


   Skills:
 + Level 8.4 Fighting
 + Level 6.5 Staves
 + Level 9.2 Armour
 + Level 1.3 Dodging
 + Level 9.4 Shields


You had 6 spell levels left.
You didn't know any spells.
Your spell library was empty.

Dungeon Overview and Level Annotations

Branches:
Dungeon (1/1)

Altars:
Cheibriados
Dithmenos
Elyvilon
Fedhas
Gozag
Hepliaklqana
Kikubaaqudgha
Nemelex Xobeh
Okawaru
Qazlal
Ru
Sif Muna
Trog
Uskayaw
Vehumet
Wu Jian
Yredelemnul
Zin
The Shining One

Shops:
D [


Innate Abilities, Weirdness & Mutations

You cannot be hasted, slowed, berserked, paralysed or teleported.
You can dig through walls and to a lower floor.
Your four strong arms can wield two-handed weapons with a shield.
You have a pair of large antennae on your head. (SInv)


Message History

f - 3 rations (gained 1)
You now have 306 gold pieces (gained 9).
Okay, then.
Okay, then.
You see here a dagger.
You extend your mandibles.
You dig through the rock wall.
A deep troll comes into view.
The deep troll bites you. The deep troll claws you!
The deep troll barely misses you. You block the deep troll's attack.
The deep troll claws you!
The deep troll claws you but does no damage.
Found 108 gold pieces.
You retract your mandibles.
You barely miss the deep troll. The deep troll bites you!
* * * LOW HITPOINT WARNING * * *
The deep troll barely misses you. The deep troll claws you!
* * * LOW HITPOINT WARNING * * *
You feel much better. The deep troll bites you!!
You die...

#..'[.#..').#.?+ {
#..#####'#####'# # {
#..####..#...#.####§§
#..#__####..##)#§§≈§c
#..#_____##'#_.+§≈≈.§
{
#⌠⌠#_.∩...'..._#≈≈≈§c#
####_..__##_.#'##+####
#_____###+#..)...# {
####### ###@+###


+$$T$$+ { ####### { { { {{ { { { {{{{ You could see a deep troll.

Vanquished Creatures
  Sigmund (D)
  A yak (D)
  An ogre (D)
  A jelly (D)
  Ijyb (D)
5 creatures vanquished.

Notes
Turn   | Place    | Note
-------+----------+-------------------------------------------
     0 | D        | raphialitos the Formicid Fighter began the quest for the
                  | Orb.
     0 | D        | Reached XP level 1. HP: 18/18 MP: 1/1
     1 | D        | Noticed Ijyb
    12 | D        | Killed Ijyb
    12 | D        | Reached skill level 5 in Shields
    12 | D        | Reached XP level 2. HP: 21/26 MP: 2/2
    12 | D        | Reached XP level 3. HP: 25/31 MP: 3/3
    67 | D        | Noticed an ogre
    72 | D        | Killed an ogre
    72 | D        | Reached XP level 4. HP: 40/40 MP: 4/4
    72 | D        | Reached XP level 5. HP: 46/46 MP: 5/5
    88 | D        | Noticed Sigmund
   107 | D        | Killed Sigmund
   107 | D        | Reached skill level 5 in Staves
   107 | D        | Reached XP level 6. HP: 10/55 MP: 6/6
   371 | D        | Found an ornate altar of the Wu Jian Council.
   371 | D        | Found a shimmering blue altar of Sif Muna.
   373 | D        | Found a radiant altar of Vehumet.
   378 | D        | Reached skill level 1 in Dodging
   464 | D        | Found Cieput's Armour Emporium.
   464 | D        | Found an ancient bone altar of Kikubaaqudgha.
   464 | D        | Found a hazy altar of Hepliaklqana.
   464 | D        | Found a stormy altar of Qazlal.
   464 | D        | Found a hide-covered altar of Uskayaw.
   464 | D        | Found a blossoming altar of Fedhas.
   464 | D        | Found a bloodstained altar of Trog.
   464 | D        | Found an iron altar of Okawaru.
   464 | D        | Found a basalt altar of Yredelemnul.
   464 | D        | Found a glowing golden altar of the Shining One.
   464 | D        | Found a snail-covered altar of Cheibriados.
   464 | D        | Found a sacrificial altar of Ru.
   464 | D        | Found a glowing silver altar of Zin.
   464 | D        | Found a shadowy altar of Dithmenos.
   464 | D        | Found a white marble altar of Elyvilon.
   464 | D        | Noticed a yak
   471 | D        | Killed a yak
   471 | D        | Reached XP level 7. HP: 46/63 MP: 7/7
   472 | D        | Found an opulent altar of Gozag.
   553 | D        | Found a sparkling altar of Nemelex Xobeh.
   558 | D        | Became a worshipper of Warmaster Okawaru
   579 | D        | Noticed a centaur warrior
   580 | D        | Noticed a centaur warrior
   599 | D        | Noticed a deep troll
   601 | D        | Slain by a deep troll

Illustrated notes

Levels and vault maps discovered:
D:        dungeon_sprint_1 [red_sonja_temple_1, red_sonja_temple_small_1]

Skill      XL: |  1  2  3  4  5  6 |
---------------+-------------------+-----
Fighting       | 4 6 7 8 |  8.4
Staves         | 3 4 5 6 |  6.5
Armour         | 4 6 8 9 |  9.2
Shields        | 5 6 8 9 |  9.4
Dodging        | 1 |  1.3

Action                   |  1- 3 |  4- 6 |  7- 9 || total
-------------------------+-------+-------+-------++-------
Melee: Quarterstaff      |    15 |    25 |     1 ||    41
 Abil: Dig               |       |       |     2 ||     2
  Use: Potion            |       |     1 |     1 ||     2
       Scroll            |       |       |     1 ||     1
Armor: Scale mail        |     5 |     6 |     1 ||    12
Dodge: Dodged            |     6 |     3 |     2 ||    11
Block: Kite shield       |     2 |     5 |     1 ||     8
